 Dungeon Crawl Stone Soup version 0.28.0-49-g6dfe1f597d (webtiles) character file.

Game seed: 15053006821122478489

14457 issech the Basher (level 11, 0/98 HPs)
             Began as a Troll Monk on May 11, 2022.
             Was an Elder of Hepliaklqana.
             Slain by a fire elemental (11 damage)
             ... led by Azrael
             ... on level 10 of the Dungeon.
             The game lasted 00:46:42 (10936 turns).

issech the Basher (Troll Monk)                     Turns: 10936, Time: 00:46:42

Health: 0/98       AC:  6    Str: 29    XL:     11   Next: 89%
Magic:  9/10       EV: 14    Int:  6    God:    Hepliaklqana [****..]
Gold:   371        SH:  0    Dex: 22    Spells: 10/10 levels left

rFire   . . .      SeeInvis .   H - +12 dire flail of Expedience {pain, rC- rCorr Str+2}
rCold   x . .      Faith    .   (shield currently unavailable)
rNeg    . . .      Spirit   .   V - +0 troll leather armour
rPois   .          Reflect  .   (helmet restricted)
rElec   +          Harm     .   (no cloak)
rCorr   +          Rampage  .   (gloves unavailable)
Will    .....                   (boots unavailable)
Stlth   +++.......              b - amulet of regeneration
HPRegen 2.66/turn               Q - +6 ring of strength
MPRegen 0.12/turn               K - ring of Xom's Ringing Laughter {rElec Dex+6}

@: marked
A: reduced essence, large, unfitting armour, claws 3, regeneration 1, shaggy fur
1, tough skin 1
a: Renounce Religion, Recall Ancestor, Ancestor Identity, Transference, Idealise


You were on level 10 of the Dungeon.
You worshipped Hepliaklqana.
Hepliaklqana was greatly pleased with you.
You visited 2 branches of the dungeon, and saw 13 of its levels.
You also visited: Ossuary.

You collected 623 gold pieces.
You spent 252 gold pieces at shops.

Inventory:

Hand Weapons
 a - a +2 dagger of venom
 q - the +7 sceptre of Torment {pain, torment}
   (You found it on level 11 of the Dungeon)

   In the hands of one skilled in necromantic magic, it inflicts extra damage on
   living creatures.
   It occasionally torments all nearby living foes when it strikes in combat.
 C - a +3 hunting sling of freezing
 D - a +0 shortbow
 H - the +12 dire flail of Expedience (weapon) {pain, rC- rCorr Str+2}
   (You bought it in a shop on level 2 of the Dungeon)

   In the hands of one skilled in necromantic magic, it inflicts extra damage on
   living creatures.
   Str:       It affects your strength (+2).
   rC:        It makes you vulnerable to cold.
   rCorr:     It protects you from acid and corrosion.
 N - a +0 mace of draining
 T - a +0 falchion of protection
Missiles
 c - 375 arrows
 d - 4 curare-tipped darts
 e - 216 stones
 o - 127 bolts
 w - 6 large rocks (quivered)
 x - 6 boomerangs
 z - 50 sling bullets
 L - 2 throwing nets
 W - 28 poisoned darts
Armour
 V - a +0 troll leather armour (worn)
Magical Staves
 E - a staff of poison
Jewellery
 b - an amulet of regeneration (around neck)
 F - a ring of wizardry
 K - the ring of Xom's Ringing Laughter (right claw) {rElec Dex+6}
   (You found it on level 6 of the Dungeon)

   [ring of dexterity]

   Dex:       It affects your dexterity (+6).
   rElec:     It insulates you from electricity.
 P - a +6 ring of intelligence
 Q - a +6 ring of strength (left claw)
Wands
 m - a wand of charming (9)
 y - a wand of acid (6)
 I - a wand of polymorph (15)
 U - a wand of mindburst (2)
Scrolls
 g - 6 scrolls of fog
 k - 12 scrolls of teleportation
 p - a scroll of enchant armour
 s - 3 scrolls of identify
 t - a scroll of brand weapon
 A - a scroll of fear
 G - 4 scrolls of magic mapping
 O - a scroll of summoning
 R - a scroll of holy word
Potions
 f - a potion of ambrosia {unknown}
 i - 2 potions of flight {unknown}
 j - 3 potions of resistance {unknown}
 l - 4 potions of haste {unknown}
 n - 2 potions of mutation {unknown}
 r - 4 potions of brilliance {unknown}
 u - 2 potions of might {unknown}
 v - 2 potions of lignification {unknown}
 B - 2 potions of degeneration {unknown}
 J - 3 potions of heal wounds
Miscellaneous
 h - a phial of floods
 M - a tin of tremorstones (2/2)


   Skills:
 + Level 7.5 Fighting
 + Level 4.5 Short Blades
 + Level 11.0 Maces & Flails
 + Level 4.5 Throwing
 + Level 3.4 Armour
 + Level 7.0 Dodging
 + Level 3.8 Stealth


You had 10 spell levels left.
You didn't know any spells.
Your spell library contained the following spells:

 Spells                   Type           Power      Damage    Failure   Level
 Static Discharge         Conj/Air       0%         N/A       63%         2
 Conjure Flame            Conj/Fire      0%         6-21      86%         3
 Ignite Poison            Fire/Tmut/Pois 0%         N/A       86%         3
 Sticky Flame             Conj/Fire      0%         2d3       99%         4
 Lightning Bolt           Conj/Air       0%         1d11      100%        5
 Maxwell's Capacitive Co  Air            0%         ∞         100%        8


Dungeon Overview and Level Annotations

Branches:
Dungeon (12/15)            Temple (1/1) D:6            Lair (0/6) D:9
    Orc (0/2) D:11        Ossuary (visited)

Altars:
Ashenzari
Cheibriados
Dithmenos
Elyvilon
Fedhas
Gozag
Hepliaklqana
Kikubaaqudgha
Makhleb
Nemelex Xobeh
Okawaru
Qazlal
Ru
Sif Muna
Trog
Uskayaw
Vehumet
Wu Jian
Xom
Yredelemnul
Zin
The Shining One

Shops:
D:1 !   D:2 (   D:10 (

Annotations:
D:12 Azrael


Innate Abilities, Weirdness & Mutations

Your life essence is reduced to manifest your ancestor. (-10% HP)
You are too large for most types of armour.
You have claws for hands.
Your natural rate of healing is unusually fast.
You are covered in fur. (AC +1)
You have tough skin. (AC +1)


Message History

The vampire mosquito closely misses you.
Amyrtaeus is recalled.
The vampire mosquito barely misses you. The fire elemental closely misses you.
The fire elemental hits you. The fire elemental burns you!
* * * LOW HITPOINT WARNING * * *
The vampire mosquito misses you.
You swap places.
The fire elemental closely misses Amyrtaeus.
The fire elemental hits Amyrtaeus.
The fire elemental burns Amyrtaeus!
Amyrtaeus resists.
The vampire mosquito bites Amyrtaeus.
Amyrtaeus misses the vampire mosquito.
The fire elemental hits Amyrtaeus.
The fire elemental burns Amyrtaeus!
Amyrtaeus resists.
The fire elemental barely misses Amyrtaeus.
The vampire mosquito bites Amyrtaeus! x2
Amyrtaeus is destroyed!
The vampire mosquito is engulfed in blazing flames.
The vampire mosquito sets off the alarm!
The alarm trap emits a blaring wail!
A sentinel's mark forms upon you. The fire elemental closely misses you.
There is a stone staircase leading up here.
The fire elemental hits you. The fire elemental burns you!
* * * LOW HITPOINT WARNING * * *
The vampire mosquito bites you but does no damage.
The fire elemental hits you. The fire elemental burns you!
* * * LOW HITPOINT WARNING * * *
The fire elemental barely misses you.
You climb upwards.
There is a stone staircase leading down here.
You impale the fire elemental!!
The fire elemental is severely damaged.
The fire elemental hits you. The fire elemental burns you!
* * * LOW HITPOINT WARNING * * *
The fire elemental barely misses you.
Unknown command.
You impale the fire elemental!!
You destroy the fire elemental!
The fire elemental hits you. The fire elemental burns you!
You die...

#####.### #.###.###.##.# #.#
##'###.# #.##.# #.# ##...##.#
#....# ###.### ##.....#.#
####.# #.....# ##........#
##..#
#.....###.....>...####...####
#.......'....[...............
#.....###.........####...####
#.....# ##..@....## ##..#
####.## ##E....## ##.# #.#
##...## #.### #.# ##+########
#...# #.# #.#......# ###.#
#.# #.#.####.# #.# #.# ##.#.#
#.# #.# #.#
##....####.#####.# #.#
#.........)).....#


You could see a fire elemental.

Vanquished Creatures
  4 hydras (D:11)
  A centaur warrior (D:11)
  A two-headed ogre (D:11)
  A tengu warrior (D:11)
  A cyclops (D:11)
  A gargoyle (D:12)
  A kobold demonologist (D:11)
  3 trolls
  Sigmund (D:3)
  2 shadows (D:11)
  A wraith (Ossuary)
  A wyvern (D:9)
  6 yaks (D:10)
  Grum (D:8)
  A fire elemental (D:10)
  A vampire mosquito (D:11)
  A water moccasin (D:5)
  6 orc warriors
  An ice beast (D:6)
  A black bear (D:6)
  2 ogres
  2 wolves (D:8)
  5 centaurs
  3 phantoms
  5 kobold brigands
  A bullfrog (D:8)
  A wyvern zombie (D:7)
  5 scorpions
  A wight (D:9)
  4 centaur zombies
  2 quasits (D:6)
  A bullfrog zombie (D:6)
  3 hounds
  A jelly (D:4)
  4 orc priests
  A gnoll shaman (D:7)
  2 centaur skeletons (D:4)
  An iguana (D:5)
  11 orc wizards
  A scorpion zombie (D:5)
  A hound zombie (D:4)
  A mummy (Ossuary)
  A howler monkey zombie (D:6)
  3 gnolls (D:7)
  4 adders
  2 adder skeletons (D:4)
  2 adder zombies (D:4)
  2 worms (D:2)
  2 dart slugs
  30 orcs
  3 endoplasms
  3 giant cockroaches
  6 hobgoblins
  10 kobolds
  A quokka (D:3)
  9 ball pythons
  4 bats
  2 frilled lizards
  4 gnoll skeletons (Ossuary)
  13 goblins
  9 kobold skeletons (Ossuary)
  12 orc skeletons (Ossuary)
  8 rats
224 creatures vanquished.

Vanquished Creatures (collateral kills)
  A kobold demonologist (D:10)
  A hornet (D:9)
  Prince Ribbit (D:6)
  A meliai zombie (D:6)
  A wyvern (D:10)
  The ghost of greasedhog the Stinger, an amateur FoVM (D:6)
  2 acid dragons
  An orc warrior (D:8)
  2 black bears
  A necrophage (D:7)
  A wolf (D:8)
  2 centaurs
  A kobold brigand (D:10)
  A scorpion (D:6)
  2 bullfrogs
  2 wights (D:9)
  A quasit (D:6)
  2 centaur zombies (D:9)
  An orc priest (D:6)
  6 orc wizards
  A killer bee zombie (D:9)
  A gnoll (D:7)
  11 orcs
  6 kobolds
50 creatures vanquished.

Vanquished Creatures (others)
  2 battlemagi (D:11)
  15 fungi (D:8)
  A withered plant (D:4)
18 creatures vanquished.

Grand Total: 292 creatures vanquished

Notes
Turn   | Place    | Note
-------+----------+-------------------------------------------
     0 | D:1      | issech the Troll Monk began the quest for the Orb.
     0 | D:1      | Reached XP level 1. HP: 22/22 MP: 0/0
   248 | D:1      | Reached XP level 2. HP: 29/29 MP: 1/1
   366 | D:1      | Found Kuarik's Distillery.
   393 | D:1      | Reached skill level 3 in Maces & Flails
   677 | D:1      | Reached XP level 3. HP: 36/36 MP: 2/2
  1397 | D:2      | Found Fofrymn's Antique Weapon Shop.
  2154 | D:3      | Reached XP level 4. HP: 42/44 MP: 3/3
  2247 | D:3      | Found an iron altar of Okawaru.
  2389 | D:3      | Noticed Sigmund
  2739 | D:3      | Killed Sigmund
  2740 | D:3      | Reached XP level 5. HP: 19/53 MP: 4/4
  2964 | D:4      | Reached XP level 6. HP: 58/61 MP: 5/5
  3250 | D:4      | Found a sand-covered staircase.
  3286 | Ossuary  | Entered an ossuary
  3286 | Ossuary  | Noticed a wraith
  3286 | Ossuary  | Noticed a wraith
  3286 | Ossuary  | Noticed a wraith
  3525 | Ossuary  | Noticed a wraith
  3589 | Ossuary  | Killed a wraith
  3590 | Ossuary  | Reached skill level 1 in Throwing
  3590 | Ossuary  | Reached XP level 7. HP: 34/67 MP: 6/6
  4159 | D:5      | Entered Level 5 of the Dungeon
  4441 | D:5      | Reached XP level 8. HP: 37/78 MP: 7/7
  4811 | D:5      | Reached skill level 4 in Maces & Flails
  4963 | D:6      | Found a transporter.
  4969 | D:6      | Noticed greasedhog's ghost (amateur FoVM)
  5138 | D:6      | Found a staircase to the Ecumenical Temple.
  5154 | Temple   | Entered the Ecumenical Temple
  5160 | Temple   | Reached skill level 5 in Maces & Flails
  5229 | Temple   | Became a worshipper of Hepliaklqana the Forgotten
  5229 | Temple   | Reached * piety under Hepliaklqana
  5229 | Temple   | Reached ** piety under Hepliaklqana
  5230 | Temple   | Remembered your ancestor Amyrtaeus as a battlemage
  5313 | D:6      | Reached skill level 5 in Dodging
  5551 | D:6      | Found a bloodstained altar of Trog.
  5570 | D:6      | Noticed Prince Ribbit
  5581 | D:6      | Killed Prince Ribbit
  5582 | D:6      | Reached skill level 5 in Fighting
  5582 | D:6      | Reached skill level 6 in Maces & Flails
  5744 | D:2      | Bought an ichor-stained dire flail for 252 gold pieces
  5744 | D:2      | Identified the +12 dire flail of Expedience {pain, rC-
                  | rCorr Str+2} (You bought it in a shop on level 2 of the
                  | Dungeon)
  6019 | D:6      | Reached XP level 9. HP: 75/79 MP: 8/8
  6098 | D:6      | Found a transporter.
  6433 | D:6      | Killed greasedhog's ghost
  6459 | D:6      | Identified the ring of Xom's Ringing Laughter {rElec Dex+6}
  6689 | D:7      | Reached skill level 7 in Maces & Flails
  7191 | D:8      | Reached *** piety under Hepliaklqana
  7227 | D:8      | You fall into a shaft and drop 2 floors!
  7227 | D:10     | Entered Level 10 of the Dungeon
  7306 | D:9      | Paralysed by a hornet for 3 turns
  7320 | D:9      | Reached skill level 8 in Maces & Flails
  7320 | D:9      | Reached XP level 10. HP: 33/88 MP: 9/9
  7522 | D:8      | Found a stormy altar of Qazlal.
  7565 | D:8      | Noticed Grum
  7570 | D:8      | Killed Grum
  8074 | D:9      | Found an ancient bone altar of Kikubaaqudgha.
  8222 | D:9      | Found a staircase to the Lair.
  8601 | D:10     | Reached **** piety under Hepliaklqana
  8735 | D:10     | Reached skill level 9 in Maces & Flails
  9199 | D:10     | Noticed a rust devil
  9289 | D:10     | Found Iheif's Antique Weapon Boutique.
  9593 | D:11     | Reached XP level 11. HP: 51/96 MP: 10/10
  9618 | D:11     | Noticed a four-headed hydra
  9629 | D:11     | Killed a four-headed hydra
  9630 | D:11     | Reached skill level 1 in Armour
  9694 | D:11     | Reached skill level 10 in Maces & Flails
  9711 | D:11     | Found a staircase to the Orcish Mines.
  9896 | D:11     | Noticed a seven-headed hydra
  9900 | D:11     | Noticed an eight-headed hydra
 10029 | D:11     | Killed a seven-headed hydra
 10041 | D:11     | Killed an eight-headed hydra
 10421 | D:11     | Noticed a centaur warrior
 10430 | D:11     | Killed a centaur warrior
 10473 | D:11     | Noticed a tengu warrior
 10475 | D:11     | Killed a tengu warrior
 10476 | D:11     | Found the +7 sceptre of Torment {pain, torment}
 10531 | D:11     | Noticed a two-headed ogre
 10538 | D:11     | Killed a two-headed ogre
 10771 | D:12     | Noticed a six-headed hydra
 10813 | D:12     | Noticed Azrael
 10871 | D:11     | Killed a six-headed hydra
 10872 | D:11     | Reached skill level 11 in Maces & Flails
 10920 | D:11     | HP: 2/98 [vampire mosquito (8)]
 10936 | D:10     | Slain by a fire elemental

Illustrated notes

Levels and vault maps discovered:
D:1:      kilobyte_arrival_exit_the_forest, layout_loops_cross, serial_shops,
          nicolae_shop_stone, corexii_hall_statues_x,
          chequers_serial_rivers_small_b, minivault_23
D:2:      layout_basic, serial_shops, nicolae_shop_crystal
D:3:      layout_basic, okawaru_gym_becter, chequers_serial_rivers_large_b,
          minmay_misc_feat_columns, uniq_sigmund
D:4:      layout_loops_cross, serial_undead, serial_undead_b, serial_undead_a,
          serial_undead_e, serial_undead_c,
          nicolae_ossuary_entry_false_entrances, minmay_misc_feat_roman,
          grunt_decor_resistance
D:5:      layout_loops_ring, kennysheep_generic_room_16
D:6:      layout_basic, trog_three_pillars_becter, temple_fountains,
          gammafunk_ghost_stat_death, uniq_prince_ribbit1
D:7:      layout_gridville
D:8:      layout_basic, mainiacjoe_overflow_chevrons, uniq_grum
D:9:      layout_cave_pools, mainiacjoe_overflow_catwalk, lair_entry_dummy,
          hangedman_decor_clover_reticule, serial_park_tiny_1
D:10:     layout_loops_corners, serial_shops, nicolae_shop_behind_doors
D:11:     minmay_wavy_crystal, layout_cave_pods, david_orc_2
D:12:     layout_cave_pools, nicolae_hepliaklqana_hazy_memory, uniq_kirke,
          uniq_azrael
Temple:   mainiacjoe_temple_coin_purse

Skill      XL: |  1  2  3  4  5  6  7  8  9 10 11 |
---------------+----------------------------------+-----
Maces & Flails | 3 6 8 9 11 | 11.0
Dodging        | 3 4 5 6 7 |  7.0
Fighting       | 3 4 5 6 7 |  7.5
Short Blades   | 2 3 4 |  4.5
Throwing       | 1 2 3 4 |  4.5
Stealth        | 2 3 |  3.8
Armour         | 3 |  3.4

Action                   |  1- 3 |  4- 6 |  7- 9 | 10-12 || total
-------------------------+-------+-------+-------+-------++-------
Melee: Mace              |    47 |       |       |       ||    47
       Dagger            |   104 |   177 |    92 |       ||   373
       Punch             |       |     5 |     2 |       ||     7
       Giant club        |       |       |    72 |       ||    72
       Dire flail        |       |       |    81 |   187 ||   268
Throw: Stone             |       |    23 |    14 |       ||    37
       Boomerang         |       |       |     5 |    40 ||    45
       Large rock        |       |       |       |     5 ||     5
Invok: Ancestor Life: Ba |       |       |     1 |       ||     1
       Recall Ancestor   |       |       |     1 |     1 ||     2
  Use: Scroll            |       |     6 |     4 |     4 ||    14
       Potion            |       |       |       |     2 ||     2
 Stab: Sleeping          |     6 |       |     3 |     3 ||    12
       Distracted        |       |       |     2 |     3 ||     5
Armor: Robe              |    51 |    63 |    80 |    13 ||   207
       Troll leather arm |       |       |       |    58 ||    58
Dodge: Dodged            |    74 |   106 |   162 |   166 ||   508
